 Dungeon Crawl Stone Soup version 0.28-a0-1213-g0243856f03 (webtiles) character file.

Game seed: 11270803729093162327

14 frimble the Grasshopper (level 2, -15/22 HPs)
             Began as a Demonspawn Warper on Dec 22, 2021.
             Engulfed by a cloud of flame (18 damage)
             ... on level 1 of the Dungeon.
             The game lasted 00:00:32 (492 turns).

frimble the Grasshopper (Demonspawn Warper)          Turns: 492, Time: 00:00:33

Health: -15/22     AC:  3    Str: 11    XL:     2   Next: 27%
Magic:  5/5        EV: 11    Int: 14    God:
Gold:   31         SH:  0    Dex: 12    Spells: 5/5 levels left

rFire   . . .      SeeInvis .   a - +1 falchion
rCold   . . .      Faith    .   (no shield)
rNeg    . . .      Spirit   .   b - +0 leather armour
rPois   .          Reflect  .   (no helmet)
rElec   .          Harm     .   (no cloak)
rCorr   .          Rampage  .   (no gloves)
Will    .....                   (no boots)
Stlth   +.........              (no amulet)
HPRegen 0.07/turn               (no ring)
MPRegen 0.09/turn               (no ring)

@: no status effects
A: hooves 1
a: no special abilities


You were on level 1 of the Dungeon.
You visited 1 branch of the dungeon, and saw 1 of its levels.

You collected 31 gold pieces.

Inventory:

Hand Weapons
 a - a +1 falchion (weapon)
Missiles
 d - 5 boomerangs of dispersal (quivered)
Armour
 b - a +0 leather armour (worn)
Scrolls
 c - a scroll of blinking
 f - a scroll of fear
 j - 2 scrolls of identify
Potions
 e - 4 potions of curing
 h - a potion of might {unknown}
 l - 2 potions of haste {unknown}


   Skills:
 - Level 2.0 Fighting
 + Level 2.2 Long Blades
 - Level 0.8 Throwing
 - Level 0.8 Armour
 + Level 2.2 Dodging
 - Level 2.0 Spellcasting
 - Level 2.6 Translocations


You had 5 spell levels left.
You didn't know any spells.
Your spell library contained the following spells:

 Spells                   Type           Power      Damage    Failure   Level
 Blink                    Tloc           16%        N/A       16%         2
 Gell's Gravitas          Tloc           8%         N/A       30%         3
 Lesser Beckoning         Tloc           8%         N/A       30%         3
 Teleport Other           Tloc           8%         N/A       30%         3
 Manifold Assault         Tloc           8%         N/A       96%         5


Dungeon Overview and Level Annotations

Branches:
Dungeon (1/15)

Altars:


Innate Abilities, Weirdness & Mutations

You have large cloven feet.


Message History

e - 3 potions of curing The bat misses you.
As you read the scroll labelled JYHETERH KIFI, it crumbles to dust.
It is a scroll of amnesia.
You feel forgetful for a moment. The bat misses you.
You now have 28 gold pieces (gained 3).
The bat barely misses you. The bat closely misses you.
The bat completely misses you. The bat hits you.
The bat hits you but does no damage. The bat barely misses you. x2
Found 14 stones.
The bat barely misses you. The bat hits you but does no damage.
The bat hits you but does no damage.
You see here a potion of curing.
e - 4 potions of curing (gained 1)
The bat closely misses you. The bat barely misses you. x2
The bat hits you but does no damage.
You see here 3 gold pieces.
You now have 31 gold pieces (gained 3).
The bat hits you but does no damage. The bat closely misses you.
The bat hits you but does no damage. The bat hits you but does no damage.
The bat hits you. The bat hits you but does no damage.
The bat closely misses you. The bat closely misses you.
The bat hits you but does no damage. The bat hits you but does no damage.
The bat hits you. The bat misses you. The bat hits you but does no damage.
The bat hits you. The bat closely misses you.
You hit the bat.
The bat explodes!
The fiery explosion engulfs you!
Ouch! That really hurt!
* * * LOW HITPOINT WARNING * * *
You are engulfed in blazing flames.
Ouch! That really hurt!
You die...

...............##### . #...
######.######..# .##.......#
.....#..#####..# ...........
.....#.........# ##.........
###..#.........####### ..........
+_#..#................ #........
###..#.........##§.######........
.....#.........§§...†...#........
.†...#.........§@#..###.........#
#'####........##.##)....###.....#
..............##.######.....##...
......##########..## #..##.......
####### ####..###.#####.....
#..........# #..... #..........#
###### #..........# #..........#


There were no monsters in sight!

Vanquished Creatures
  A dart slug (D:1)
  2 ball pythons (D:1)
  3 bats (D:1)
  2 hobgoblins (D:1)
  2 quokkas (D:1)
  A rat (D:1)
11 creatures vanquished.

Notes
Turn   | Place    | Note
-------+----------+-------------------------------------------
     0 | D:1      | frimble the Demonspawn Warper began the quest for the Orb.
     0 | D:1      | Reached XP level 1. HP: 16/16 MP: 3/3
   157 | D:1      | Gained mutation: You have large cloven feet. [demonic
                  | ancestry]
   157 | D:1      | Reached XP level 2. HP: 17/22 MP: 5/5
   432 | D:1      | Found a faded altar of an unknown god.
   492 | D:1      | Engulfed by a cloud of flame

Illustrated notes

Levels and vault maps discovered:
D:1:      heliophobic_arrival_enchanted_forest, layout_rooms,
          hellmonk_ecumenical_altar_inner_sanctum

Skill      XL: |  1 |
---------------+----+-----
Long Blades    | 2 |  2.2
Dodging        | 2 |  2.2
Fighting       | |  2.0
Throwing       | |  0.8
Armour         | |  0.8
Spellcasting   | |  2.0
Translocations | |  2.6

Action                   || total
-------------------------++-------
Melee: Falchion          ||    32
  Use: Scroll            ||     5
Armor: Leather armour    ||    19
Dodge: Dodged            ||    38

Table legend: (Time is in decaauts)
 A = Elapsed time spent in this place.
 B = Non-inter-level travel time spent in this place.
 C = Inter-level travel time spent in this place.
 D = Time resting spent in this place.
 E = Time spent auto-exploring this place.
 F = Levels seen in this place.
 G = Mean time per level.
                   A        B        C        D        E       F      G
               +--------+--------+--------+--------+--------+-----+--------+
         Total |    498 |    498 |      0 |      0 |    391 |   1 |  498.0 |
       Dungeon |    498 |    498 |      0 |      0 |    391 |   1 |  498.0 |
               +--------+--------+--------+--------+--------+-----+--------+

Top non-repeatable levels by time:
     D:1: 498 daAuts
